 Dungeon Crawl Stone Soup version 0.29.1-15-g9cfb28693d (webtiles) character file.

Game seed: 14083187425864222338

85 AccursedSamuel the Ruffian (level 4, -3/33 HPs)
             Began as a Demonspawn Gladiator on May 19, 2023.
             Was an Initiate of Ru.
             Slain by a river rat (5 damage)
             ... on level 3 of the Dungeon on Aug 4, 2023.
             The game lasted 00:11:44 (2944 turns).

AccursedSamuel the Ruffian (Demonspawn Gladiator)   Turns: 2944, Time: 00:11:44

Health: -3/33      AC: 10    Str: 17    XL:     4   Next: 25%
Magic:  4/4        EV:  5    Int:  9    God:    Ru [......]
Gold:   102        SH:  4    Dex: 14    Spells: 3/3 levels left

rFire   . . .      SeeInvis .     - Unarmed
rCold   . . .      Faith    .   (no shield)
rNeg    . . .      Spirit   .   o - +0 plate armour
rPois   .          Reflect  .   (helmet restricted)
rElec   .          Harm     .   (no cloak)
rCorr   .          Rampage  .   (no gloves)
Will    .....                   (no boots)
Stlth   ..........              (no amulet)
HPRegen 0.11/turn               (no ring)
MPRegen 0.09/turn               (no ring)

@: no status effects
A: antennae 1, condensation shield
a: Renounce Religion, Sacrifice Love, Sacrifice Arcana, Sacrifice Resistance,
Reject Sacrifices


You were on level 3 of the Dungeon.
You worshipped Ru.
Ru was noncommittal.
You visited 1 branch of the dungeon, and saw 3 of its levels.

You collected 102 gold pieces.

Inventory:

Missiles
 c - 3 throwing nets (quivered)
 d - a javelin
Armour
 b - a +0 helmet
 o - a +0 plate armour (worn)
Jewellery
 m - a ring of fire
Scrolls
 f - a scroll of identify
 g - 2 scrolls of amnesia
 j - a scroll of enchant weapon {unknown}
 k - a scroll of fear {unknown}
 l - a scroll of teleportation {unknown}
Potions
 e - a potion of curing {unknown}
 h - a potion of attraction {unknown}
 i - a potion of cancellation {unknown}
 n - a potion of mutation {unknown}


   Skills:
 + Level 2.1 Fighting
 + Level 1.8 Throwing
 + Level 0.9 Armour
 + Level 3.2 Dodging
 + Level 4.0 Unarmed Combat


You had 3 spell levels left.
You didn't know any spells.
Your spell library was empty.

Dungeon Overview and Level Annotations

Branches:
Dungeon (3/15)

Altars:
Ru

Shops:
D:2 ?


Innate Abilities, Weirdness & Mutations

You have a pair of small antennae on your head.
A meltable shield of frost defends you. (SH +4)


Message History

* * * LOW HITPOINT WARNING * * *
The river rat bites you but does no damage.
The river rat bites you.
* * * LOW HITPOINT WARNING * * *
You escape the ball python's grasp.
The ball python attacks as you move away!
The ball python bites you but does no damage.
The river rat barely misses you. The river rat attacks as you move away!
The river rat bites you but does no damage.
You hit the rat.
The rat is severely wounded.
The rat bites you but does no damage.
You barely miss the rat.
The rat is severely wounded.
The rat bites you but does no damage.
You hit the rat.
You kill the rat!
The ball python bites you but does no damage.
The ball python grabs you. The ball python constricts you.
You hit the ball python.
The ball python is moderately wounded.
The ball python bites you but does no damage.
The ball python constricts you.
* * * LOW HITPOINT WARNING * * *
You hit the ball python.
You kill the ball python!
You hear the slow rusting of a drain very nearby.
You hit the river rat.
The river rat is lightly wounded.
You block the river rat's attack.
You completely miss the river rat.
The river rat is lightly wounded.
You hit the river rat but do no damage. The river rat bites you.
* * * LOW HITPOINT WARNING * * *
The river rat bites you but does no damage.
You hit the river rat but do no damage. The river rat bites you.
* * * LOW HITPOINT WARNING * * *
The river rat bites you.
You die...

...~+ ##...~#
##....~#
#....~~#+#
#..†..~~~~
#.#...~~~~
#.#......~
########r#.......
.......r@########
#######.## #.#
#.# #.# #.# #.#
#.# #.#


You could see 2 river rats.

Vanquished Creatures
  Jessica (D:2)
  An adder (D:2)
  2 dart slugs (D:2)
  An endoplasm (D:1)
  2 giant cockroaches (D:1)
  3 goblins
  2 hobgoblins
  10 jackals
  A kobold (D:1)
  6 ball pythons
  6 bats
  2 frilled lizards (D:1)
  7 rats
44 creatures vanquished.

Notes
Turn   | Place    | Note
-------+----------+-------------------------------------------
     0 | D:1      | AccursedSamuel the Demonspawn Gladiator began the quest for
                  | the Orb.
     0 | D:1      | Reached XP level 1. HP: 16/16 MP: 1/1
   524 | D:1      | Reached skill level 3 in Unarmed Combat
   621 | D:1      | Discovered your monstrous ancestry.
   621 | D:1      | Gained mutation: You have a pair of small antennae on your
                  | head. [demonic ancestry]
   621 | D:1      | Reached XP level 2. HP: 17/22 MP: 2/2
   851 | D:1      | Found a faded altar of an unknown god.
   862 | D:1      | Prayed at the altar of an unknown god.
   862 | D:1      | Became a worshipper of Ru the Awakened
  1800 | D:2      | Gained mutation: A meltable shield of frost defends you.
                  | (SH +4) [demonic ancestry]
  1800 | D:2      | Reached XP level 3. HP: 23/27 MP: 3/3
  2134 | D:2      | Noticed Jessica
  2139 | D:2      | Killed Jessica
  2140 | D:2      | Reached XP level 4. HP: 27/33 MP: 4/4
  2690 | D:2      | Found Goen's Magic Scroll Shoppe.
  2928 | D:3      | Reached skill level 4 in Unarmed Combat
  2944 | D:3      | Slain by a river rat

Illustrated notes

Levels and vault maps discovered:
D:1:      minmay_arrival_widening_spiral_wide, layout_rooms,
          serial_co_window_serial, co_window_paths_a, co_window_corner_a,
          co_window_paths_b, co_window_paths_b, co_window_paths_a,
          co_window_unsneaky_path_d, co_window_corner_b, co_window_paths_c,
          co_window_corner_cb, co_window_paths_c, co_window_4corner_a,
          glass_columns_b, glass_columns_a, glass_columns_a,
          hellmonk_ecumenical_altar_leap_of_faith
D:2:      layout_basic, serial_shops, shop, kennysheep_another_room,
          uniq_jessica
D:3:      layout_basic, portal_sewer_entry_e

Skill      XL: |  1  2  3  4 |
---------------+-------------+-----
Unarmed Combat | 3 4 |  4.0
Dodging        | 3 |  3.2
Fighting       | |  2.1
Throwing       | |  1.8
Armour         | |  0.9

Action                   |  1- 3 |  4- 6 || total
-------------------------+-------+-------++-------
Melee: Unarmed           |   117 |    56 ||   173
       Punch             |     2 |       ||     2
  Use: Scroll            |     4 |       ||     4
Armor: Leather armour    |    42 |    34 ||    76
       Plate armour      |       |    39 ||    39
Dodge: Dodged            |    93 |    65 ||   158
Block: Other             |     2 |    36 ||    38
